3AA
BILLINGS POLAR BEARS @ WESTWOOD SIXSHOOTERS
08/10/2022
 
TOP OF THE 1ST
Billings Polar Bears batting - Pitching for Westwood Sixshooters : RHP John Tanner
Pitching: RHP John Tanner
Batting: RHB Raúl Delgado 0-0: Swinging Strike
0-1: Called Strike
0-2: Strikes out swinging
Batting: LHB Qi-zhen Loong 0-0: Ball
1-0: Swinging Strike
1-1: Swinging Strike
1-2: Ball
2-2: Strikes out swinging
Batting: RHB Gerardo Castillo 0-0: Ball
1-0: Ball
2-0: Ball
3-0: Foul Ball, location: 2F
3-1: Base on Balls
Batting: RHB Nick Miller 0-0: Foul Ball, location: 2F
0-1: Foul Ball, location: 2F
0-2: Strikes out looking
Top of the 1st over - 0 run(s), 0 hit(s), 0 error(s), 1 left on base; Billings 0 - Westwood 0
BOTTOM OF THE 1ST
Westwood Sixshooters batting - Pitching for Billings Polar Bears : LHP Jim Unknown
Pitching: LHP Jim Unknown
Batting: RHB Manuel Becerra 0-0: SINGLE (Groundball, 6MD)
Batting: RHB Sergio Martínez 0-0: Ball
1-0: SINGLE (Flyball, 78S)
Manuel Becerra to second
Batting: RHB Wes Shannon 0-0: Called Strike
Manuel Becerra steals 3rd base
Sergio Martínez to second
0-1: Ball
1-1: Called Strike
1-2: Ground out 6-3 (Groundball, 6MS)
Manuel Becerra scores
Sergio Martínez to third
Batting: LHB José Martínez 0-0: Fly out, F2 (Popup, 2LF)
Batting: RHB Ronnie Cleveland 0-0: Foul Ball, location: 2F
0-1: Swinging Strike
0-2: Foul Ball, location: 2F
0-2: SINGLE (Line Drive, 6MD)
Sergio Martínez scores
Batting: SHB Tim Moss 0-0: Called Strike
0-1: Ball
1-1: Ball
2-1: Ball
3-1: Base on Balls
Ronnie Cleveland to second
Batting: RHB Winston Sparks 0-0: Ball
1-0: Called Strike
1-1: Called Strike
1-2: Strikes out swinging
Bottom of the 1st over - 2 run(s), 3 hit(s), 0 error(s), 2 left on base; Billings 0 - Westwood 2
TOP OF THE 2ND
Billings Polar Bears batting - Pitching for Westwood Sixshooters : RHP John Tanner
Batting: SHB Juan Brito 0-0: DOUBLE (Groundball, 3D)
Batting: RHB Jeremy Murphy 0-0: Called Strike
0-1: Foul Ball, location: 2F
0-2: Ball
1-2: Ball
2-2: Strikes out swinging
Batting: LHB Jesús Reyes 0-0: Called Strike
0-1: Swinging Strike
0-2: Foul Ball, location: 2F
0-2: Ball
1-2: SINGLE (Line Drive, 7S)
Juan Brito to third
Runner from 3rd tries for Home, throw and OUT!
Jesús Reyes to second
Batting: RHB Félix Aguilar 0-0: Ball
1-0: Ball
2-0: Ground out 5-3 (Groundball, 5L)
Top of the 2nd over - 0 run(s), 2 hit(s), 0 error(s), 1 left on base; Billings 0 - Westwood 2
BOTTOM OF THE 2ND
Westwood Sixshooters batting - Pitching for Billings Polar Bears : LHP Jim Unknown
Batting: RHB Jorge Morales 0-0: Ball
1-0: Ball
2-0: Ball
3-0: Called Strike
3-1: Base on Balls
Batting: RHB Richard Hicks 0-0: Swinging Strike
0-1: Ball
1-1: Grounds into double play, 4-6-3 (Groundball, 34)
Batting: RHB Manuel Becerra 0-0: Ball
1-0: Ball
2-0: Ground out 6-3 (Groundball, 6)
Bottom of the 2nd over - 0 run(s), 0 hit(s), 0 error(s), 0 left on base; Billings 0 - Westwood 2
TOP OF THE 3RD
Billings Polar Bears batting - Pitching for Westwood Sixshooters : RHP John Tanner
Batting: RHB Rubén Marino 0-0: Bunted foul
0-1: Ball
1-1: Ground out 6-3 (Groundball, 6)
Batting: RHB Raúl Delgado 0-0: Foul Ball, location: 2F
0-1: Ball
1-1: Ball
2-1: Swinging Strike
2-2: Ground out 5-3 (Groundball, 5S)
Batting: LHB Qi-zhen Loong 0-0: Ball
1-0: Ball
2-0: Ground out 4-3 (Groundball, 4)
Top of the 3rd over - 0 run(s), 0 hit(s), 0 error(s), 0 left on base; Billings 0 - Westwood 2
BOTTOM OF THE 3RD
Westwood Sixshooters batting - Pitching for Billings Polar Bears : LHP Jim Unknown
Batting: RHB Sergio Martínez 0-0: Swinging Strike
0-1: Foul Ball, location: 2F
0-2: Strikes out swinging
Batting: RHB Wes Shannon 0-0: Ball
1-0: Foul Ball, location: 2F
1-1: Ball
2-1: Ground out 4-3 (Groundball, 34)
Batting: LHB José Martínez 0-0: Called Strike
0-1: Ball
1-1: Ball
2-1: Fly out, F3 (Line Drive, 3)
Bottom of the 3rd over - 0 run(s), 0 hit(s), 0 error(s), 0 left on base; Billings 0 - Westwood 2
TOP OF THE 4TH
Billings Polar Bears batting - Pitching for Westwood Sixshooters : RHP John Tanner
Batting: RHB Gerardo Castillo 0-0: Called Strike
0-1: Ball
1-1: Ball
2-1: Swinging Strike
2-2: Ball
3-2: Strikes out swinging
Batting: RHB Nick Miller 0-0: Ball
1-0: Called Strike
1-1: Swinging Strike
1-2: Foul Ball, location: 2F
1-2: Fly out, F9 (Flyball, 9LS)
Batting: SHB Juan Brito 0-0: Ball
1-0: Foul Ball, location: 2F
1-1: DOUBLE (Line Drive, 89D)
Batting: RHB Jeremy Murphy 0-0: Ball
1-0: Foul Ball, location: 2F
1-1: Ground out 6-3 (Groundball, 6M)
Top of the 4th over - 0 run(s), 1 hit(s), 0 error(s), 1 left on base; Billings 0 - Westwood 2
BOTTOM OF THE 4TH
Westwood Sixshooters batting - Pitching for Billings Polar Bears : LHP Jim Unknown
Batting: RHB Ronnie Cleveland 0-0: Ball
1-0: Ball
2-0: Ball
3-0: Base on Balls
Batting: SHB Tim Moss 0-0: Foul Ball, location: 2F
0-1: Ball
1-1: Foul Ball, location: 2F
1-2: Fly out, F8 (Flyball, 8RS)
Batting: RHB Winston Sparks 0-0: Foul Ball, location: 2F
0-1: Foul Ball, location: 2F
0-2: Foul Ball, location: 2F
0-2: Fielders Choice at 2nd, 3-6 (Groundball, 3)
Batting: RHB Jorge Morales 0-0: Fly out, F8 (Line Drive, 8LS)
Bottom of the 4th over - 0 run(s), 0 hit(s), 0 error(s), 1 left on base; Billings 0 - Westwood 2
TOP OF THE 5TH
Billings Polar Bears batting - Pitching for Westwood Sixshooters : RHP John Tanner
Batting: LHB Jesús Reyes 0-0: SINGLE (Line Drive, 7S)
Batting: RHB Félix Aguilar 0-0: Ball
1-0: Ground out 4-3 (Groundball, 13)
Jesús Reyes to second
Batting: RHB Rubén Marino 0-0: Ball
1-0: Called Strike
1-1: Fly out, F8 (Flyball, 8RM)
Batting: RHB Raúl Delgado 0-0: Ball
1-0: Foul Ball, location: 2F
1-1: Called Strike
1-2: Strikes out swinging
Top of the 5th over - 0 run(s), 1 hit(s), 0 error(s), 1 left on base; Billings 0 - Westwood 2
BOTTOM OF THE 5TH
Westwood Sixshooters batting - Pitching for Billings Polar Bears : LHP Jim Unknown
Batting: RHB Richard Hicks 0-0: Called Strike
0-1: Swinging Strike
0-2: Ball
1-2: Ball
2-2: Strikes out swinging, 2-3 out at first.
Batting: RHB Manuel Becerra 0-0: Called Strike
0-1: Ball
1-1: Ball
2-1: Ball
3-1: SINGLE (Flyball, 89S)
Batting: RHB Sergio Martínez 0-0: Called Strike
0-1: Swinging Strike
0-2: Ball
1-2: Ball
2-2: Grounds into double play, 6-4-3 (Groundball, 6)
Bottom of the 5th over - 0 run(s), 1 hit(s), 0 error(s), 0 left on base; Billings 0 - Westwood 2
TOP OF THE 6TH
Billings Polar Bears batting - Pitching for Westwood Sixshooters : RHP John Tanner
Batting: LHB Qi-zhen Loong 0-0: Called Strike
0-1: Ball
1-1: Ball
2-1: Foul Ball, location: 2F
2-2: Foul Ball, location: 2F
2-2: Strikes out swinging
Batting: RHB Gerardo Castillo 0-0: Ball
1-0: Ball
2-0: Called Strike
2-1: Ball
3-1: Fly out, F9 (Flyball, 9LS)
Batting: RHB Nick Miller 0-0: Called Strike
0-1: Fly out, F9 (Flyball, 9LS)
Top of the 6th over - 0 run(s), 0 hit(s), 0 error(s), 0 left on base; Billings 0 - Westwood 2
BOTTOM OF THE 6TH
Westwood Sixshooters batting - Pitching for Billings Polar Bears : LHP Jim Unknown
Batting: RHB Wes Shannon 0-0: Ball
1-0: DOUBLE (Flyball, 78M)
Batting: LHB José Martínez 0-0: Ball
1-0: Called Strike
1-1: Foul Ball, location: 2F
1-2: Fly out, F3 (Popup, 13)
Batting: RHB Ronnie Cleveland 0-0: Called Strike
0-1: Foul Ball, location: 2F
0-2: Foul Ball, location: 2F
0-2: Ball
1-2: Ball
2-2: Ball
3-2: Fly out, F6 (Popup, 56D)
Batting: SHB Tim Moss 0-0: Ball
1-0: Swinging Strike
1-1: Ball
2-1: Ball
3-1: Base on Balls
Batting: RHB Winston Sparks 0-0: Ball
1-0: Swinging Strike
1-1: Ball
2-1: Ground out 5-3 (Groundball, 15S)
Bottom of the 6th over - 0 run(s), 1 hit(s), 0 error(s), 2 left on base; Billings 0 - Westwood 2
TOP OF THE 7TH
Billings Polar Bears batting - Pitching for Westwood Sixshooters : RHP John Tanner
Batting: SHB Juan Brito 0-0: Called Strike
0-1: Ball
1-1: Ground out 1-3 (Groundball, 13)
Batting: RHB Jeremy Murphy 0-0: Ball
1-0: Ball
2-0: Foul Ball, location: 2F
2-1: Foul Ball, location: 2F
2-2: Strikes out swinging
Batting: LHB Jesús Reyes 0-0: Called Strike
0-1: Called Strike
0-2: Strikes out swinging
Top of the 7th over - 0 run(s), 0 hit(s), 0 error(s), 0 left on base; Billings 0 - Westwood 2
BOTTOM OF THE 7TH
Westwood Sixshooters batting - Pitching for Billings Polar Bears : LHP Jim Unknown
Batting: RHB Jorge Morales 0-0: Called Strike
0-1: Ball
1-1: Ball
2-1: Called Strike
2-2: SINGLE (Line Drive, 56D)
Batting: RHB Richard Hicks 0-0: Called Strike
0-1: Foul Ball, location: 2F
0-2: Ball
1-2: Ball
2-2: Ball
3-2: Strikes out swinging
Jorge Morales steals 2nd base
Batter strikes out.
Batting: RHB Manuel Becerra 0-0: Called Strike
0-1: Foul Ball, location: 2F
0-2: Ball
1-2: Ball
2-2: Foul Ball, location: 2F
2-2: Ball
3-2: Foul Ball, location: 2F
3-2: Base on Balls
Pitching: RHP Mike Russell
Batting: RHB Sergio Martínez 0-0: Called Strike
0-1: Ball
1-1: Ball
2-1: Ball
3-1: Called Strike
3-2: Foul Ball, location: 2F
3-2: SINGLE (Flyball, 9LS)
Jorge Morales to third
Manuel Becerra to second
Runner from 3rd tries for Home, SAFE, no throw or cutoff
Batting: RHB Wes Shannon 0-0: Swinging Strike
0-1: Ball
Manuel Becerra steals 3rd base
Sergio Martínez to second
1-1: Fly out, F8 (Flyball, 8RM)
Runner from 3rd tags up, SCORES, no throw
Batting: LHB José Martínez 0-0: Called Strike
0-1: Called Strike
0-2: Ball
1-2: Ground out U3 (Groundball, 3L)
Bottom of the 7th over - 2 run(s), 2 hit(s), 0 error(s), 1 left on base; Billings 0 - Westwood 4
TOP OF THE 8TH
Billings Polar Bears batting - Pitching for Westwood Sixshooters : RHP John Tanner
Batting: RHB Félix Aguilar 0-0: Ball
1-0: Ground out 4-3 (Groundball, 4)
Batting: RHB Rubén Marino 0-0: Ball
1-0: Called Strike
1-1: Foul Ball, location: 2F
1-2: Foul Ball, location: 2F
1-2: Strikes out swinging
Batting: RHB Raúl Delgado 0-0: Ball
1-0: Called Strike
1-1: Foul Ball, location: 2F
1-2: Ground out 4-3 (Groundball, 4M)
Top of the 8th over - 0 run(s), 0 hit(s), 0 error(s), 0 left on base; Billings 0 - Westwood 4
BOTTOM OF THE 8TH
Westwood Sixshooters batting - Pitching for Billings Polar Bears : RHP Mike Russell
Batting: RHB Ronnie Cleveland 0-0: Ball
1-0: Swinging Strike
1-1: Called Strike
1-2: SINGLE (Line Drive, 8LS)
Batting: SHB Tim Moss 0-0: Sac Bunt - play at first, batter OUT! 5-4
Ronnie Cleveland to second
Batting: RHB Winston Sparks 0-0: Called Strike
0-1: Foul Ball, location: 2F
0-2: Fly out, F6 (Popup, 56)
Batting: RHB Jorge Morales 0-0: Called Strike
0-1: Foul Ball, location: 2F
0-2: Ball
1-2: Ball
2-2: Fly out, F8 (Flyball, 89S)
Bottom of the 8th over - 0 run(s), 1 hit(s), 0 error(s), 1 left on base; Billings 0 - Westwood 4
TOP OF THE 9TH
Billings Polar Bears batting - Pitching for Westwood Sixshooters : RHP John Tanner
Batting: LHB Qi-zhen Loong 0-0: SINGLE (Groundball, 34D)
Batting: RHB Gerardo Castillo 0-0: DOUBLE (Line Drive, 5D)
Qi-zhen Loong to third
Pitching: LHP Don Bender
Batting: RHB Nick Miller 0-0: SINGLE (Line Drive, 78M)
Qi-zhen Loong scores
Gerardo Castillo to third
Batting: SHB Juan Brito 0-0: Ball
1-0: Fly out, F8 (Flyball, 8RS)
Batting: RHB Jeremy Murphy 0-0: Ball
1-0: Foul Ball, location: 2F
1-1: Ball
2-1: SINGLE (Line Drive, 6D)
Gerardo Castillo scores
Nick Miller to second
Pinch Hitting: RHB Will Robinson 0-0: Called Strike
0-1: Ball
1-1: Swinging Strike
1-2: Strikes out swinging
Pinch Hitting: RHB Jesús Vásquez 0-0: Ball
1-0: Ball
2-0: Ball
3-0: Base on Balls
Nick Miller to third
Jeremy Murphy to second
Batting: RHB Rubén Marino 0-0: Ball
1-0: Called Strike
1-1: SINGLE (Flyball, 78S)
Nick Miller scores
Jeremy Murphy to third
Jesús Vásquez to second
Runner from 3rd tries for Home, SAFE, no throw or cutoff
Batting: RHB Raúl Delgado 0-0: Called Strike
0-1: Ball
1-1: Ball
2-1: Ball
3-1: Foul Ball, location: 2F
3-2: Foul Ball, location: 2F
3-2: SINGLE (Groundball, 6MD)
Jesús Vásquez to third
Rubén Marino to second
Jesús Vásquez scores
Rubén Marino to third
Pitching: RHP Paul Abbott
Batting: LHB Qi-zhen Loong 0-0: Ball
1-0: Fly out, F5 (Popup, 5DF)
Top of the 9th over - 5 run(s), 6 hit(s), 0 error(s), 2 left on base; Billings 5 - Westwood 4
BOTTOM OF THE 9TH
Westwood Sixshooters batting - Pitching for Billings Polar Bears : RHP Mike Russell
Pitching: RHP Jim Unknown
Now at 2B: Jesús Aragón
Now in CF: Will Robinson
Pinch Hitting: RHB Jason Boyer 0-0: Ball
1-0: SINGLE (Line Drive, 56)
Batting: RHB Manuel Becerra 0-0: Bunt missed!
0-1: Bunted foul
0-2: Strikes out looking
Batting: RHB Sergio Martínez 0-0: Ball
1-0: Ball
2-0: Swinging Strike
2-1: Foul Ball, location: 2F
2-2: Ball
3-2: Foul Ball, location: 2F
3-2: Foul Ball, location: 2F
3-2: Strikes out swinging
Batting: RHB Wes Shannon 0-0: Swinging Strike
0-1: Foul Ball, location: 2F
0-2: Strikes out swinging
Bottom of the 9th over - 0 run(s), 1 hit(s), 0 error(s), 1 left on base; Billings 5 - Westwood 4
This league is powered by Out of the Park Baseball, the baseball management simulation game for PC, Mac and Linux
Friday, April 15th, 2016 - OOTP Baseball 16.9 Build 39